 Dungeon Crawl Stone Soup version 0.28.0-45-g0d030f2227 (webtiles) character file.

Game seed: 565008119112342011

639 Revguard the Skirmisher (level 7, 0/68 (71) HPs)
             Began as a Troll Berserker on Apr 18, 2022.
             Was a Believer of Trog.
             Slain by a shadow imp (2 damage)
             ... summoned by Eustachio
             ... on level 4 of the Dungeon.
             The game lasted 00:08:30 (2378 turns).

Revguard the Skirmisher (Troll Berserker)           Turns: 2378, Time: 00:08:31

HP:   0/68 (71)     AC:  5    Str: 26    XL:     7   Next: 25%
MP:   6/6           EV: 10    Int:  3    God:    Trog [**....]
Gold: 53            SH:  0    Dex: 11    Spells: 6/6 levels left

rFire   . . .      SeeInvis .   a - +0 hand axe
rCold   . . .      Faith    .   (no shield)
rNeg    . . .      Spirit   .   b - +1 animal skin
rPois   .          Reflect  .   (helmet restricted)
rElec   .          Harm     .   (no cloak)
rCorr   .          Rampage  .   (gloves unavailable)
Will    ++...                   (boots unavailable)
Stlth   +.........              (no amulet)
HPRegen 2.01/turn               (no ring)
MPRegen 0.10/turn               (no ring)

@: strong-willed (expiring), on berserk cooldown, attractive, regenerating
(expiring), slowed, lightly drained, very slow
A: large, unfitting armour, claws 3, regeneration 1, shaggy fur 1, tough skin 1
a: Renounce Religion, Berserk, Trog's Hand


You were on level 4 of the Dungeon.
You worshipped Trog.
Trog was pleased with you.
You visited 1 branch of the dungeon, and saw 4 of its levels.

You collected 135 gold pieces.
You spent 82 gold pieces at shops.

Inventory:

Hand Weapons
 a - a +0 hand axe (weapon)
 m - a +0 giant club
Armour
 b - a +1 animal skin (worn)
Wands
 e - a wand of flame (16)
 i - a wand of paralysis (6)
Scrolls
 h - a scroll of noise
 j - a scroll of identify
 k - a scroll of enchant weapon
Potions
 c - a potion of flight
 d - a potion of attraction
 g - a potion of heal wounds {unknown}
 l - a potion of haste {unknown}


   Skills:
 * Level 4.5 Fighting
 + Level 3.6 Axes
 + Level 2.5 Throwing
 + Level 2.3 Armour
 + Level 3.5 Dodging


You had 6 spell levels left.
You didn't know any spells.
Your spell library was empty.

Dungeon Overview and Level Annotations

Branches:
Dungeon (4/15)
 Temple: D:4-7

Altars:

Shops:
D:3 =:::?

Annotations:
D:4 Eustachio


Innate Abilities, Weirdness & Mutations

You are too large for most types of armour.
You have claws for hands.
Your natural rate of healing is unusually fast.
You are covered in fur. (AC +1)
You have tough skin. (AC +1)


Message History

You feel drained.
A kobold comes into view. It is wielding a +0 short sword.
The kobold hits you with a +0 dagger. The shadow imp barely misses you.
The orc priest hits you with a +0 club.
* * * LOW HITPOINT WARNING * * *
The ufetubus hits you but does no damage.
The ufetubus completely misses you. Something hits you.
* * * LOW HITPOINT WARNING * * *
The river rat bites you but does no damage.
Eustachio barely misses you.
It was a potion of attraction.
You feel attractive to monsters. The ufetubus barely misses you.
The ufetubus closely misses you. The kobold hits you but does no damage.
Something hits you.
* * * LOW HITPOINT WARNING * * *
The shadow imp gestures at you. You resist with almost no effort.
The orc priest hits you but does no damage.
The river rat barely misses you. The ufetubus hits you.
* * * LOW HITPOINT WARNING * * *
The ufetubus misses you. Eustachio barely misses you.
Something hits you but does no damage. The kobold hits you with a +0 dagger.
* * * LOW HITPOINT WARNING * * *
The shadow imp closely misses you. The orc priest completely misses you.
The kobold is attracted toward you.
You feel better.
You feel the effects of Trog's Hand fading.
The ufetubus hits you but does no damage.
The ufetubus hits you.
* * * LOW HITPOINT WARNING * * *
The river rat bites you.
* * * LOW HITPOINT WARNING * * *
Something hits you.
* * * LOW HITPOINT WARNING * * *
Eustachio says, "My allies will avenge me."
Eustachio barely misses you. The ufetubus barely misses you.
The ufetubus hits you.
* * * LOW HITPOINT WARNING * * *
The kobold hits you but does no damage. The shadow imp hits you.
You die...

..... . .. .. #...###....##
.. .. #......##...## ... ..
##.......#....#####...
..####....................#
....@..g...................
##.o..@Jo..................
...K...)......K{r5.........
...........§..ro@@.........
...............K5...#......
....#####........##..#..###
....# ##...........###..##
.#.## #.......###.†##....#
####.###.......##....#..###
#................#....###
................###.....#
.................##.....#


You could see Eustachio, an orc priest, 2 river rats, a shadow imp (summoned),
an ufetubus (summoned) and 2 kobolds.

Vanquished Creatures
  Sigmund (D:3)
  An ice beast (D:4)
  An ogre (D:4)
  A phantom (D:4)
  A centaur zombie (D:4)
  An orc priest (D:4)
  4 adders
  An ufetubus (D:4)
  2 worms (D:2)
  4 dart slugs
  10 orcs
  8 bats
  6 endoplasms
  5 giant cockroaches
  6 hobgoblins
  4 jackals (D:1)
  5 kobolds
  6 quokkas
  6 ball pythons
  2 frilled lizards (D:2)
  8 goblins
  4 rats
87 creatures vanquished.

Vanquished Creatures (others)
  A plant (D:2)
1 creature vanquished.

Grand Total: 88 creatures vanquished

Notes
Turn   | Place    | Note
-------+----------+-------------------------------------------
     0 | D:1      | Revguard the Troll Berserker began the quest for the Orb.
     0 | D:1      | Reached XP level 1. HP: 22/22 MP: 0/0
    63 | D:1      | Found a faded altar of an unknown god.
   299 | D:1      | Reached XP level 2. HP: 29/29 MP: 1/1
   886 | D:2      | Reached XP level 3. HP: 19/36 MP: 2/2
   995 | D:2      | Reached ** piety under Trog
  1093 | D:2      | Reached skill level 1 in Throwing
  1299 | D:2      | Reached skill level 3 in Fighting
  1698 | D:3      | Reached XP level 4. HP: 40/45 MP: 3/3
  1732 | D:3      | Reached skill level 1 in Armour
  1761 | D:3      | Found Jihiddeu's Book Shop.
  1835 | D:3      | Noticed Sigmund
  1852 | D:3      | Killed Sigmund
  1853 | D:3      | Reached XP level 5. HP: 24/54 MP: 4/4
  1853 | D:3      | Reached XP level 6. HP: 28/62 MP: 5/5
  1934 | D:3      | Found Finuz's Book Shop.
  1967 | D:3      | Found Heesam's Book Shop.
  2110 | D:3      | Found Etrues's Magic Scroll Emporium.
  2128 | D:3      | Bought a scroll of enchant weapon for 82 gold pieces
  2171 | D:3      | Found Hemas's Jewellery Shoppe.
  2196 | D:4      | Noticed an ice beast
  2208 | D:4      | Killed an ice beast
  2209 | D:4      | Reached skill level 4 in Fighting
  2291 | D:4      | Reached XP level 7. HP: 71/71 MP: 6/6
  2343 | D:4      | Noticed Eustachio
  2378 | D:4      | HP: 2/68 [ufetubus[Eustachio] (2)]
  2378 | D:4      | Slain by a shadow imp

Illustrated notes

Levels and vault maps discovered:
D:1:      nicolae_arrival_washed_ashore, layout_loops_ring,
          shapermc_ecumenical_altar_flowoftime,
          hangedman_abyss_or_decor_lesser_grid, nicolae_figureground_pulse
D:2:      cheibrodos_old_hovel, layout_loops_cross, kennysheep_generic_room_2
D:3:      layout_rooms, serial_shops, nicolae_square_shop, nicolae_shop_crystal,
          shop, shop_scrolls, shop, uniq_sigmund
D:4:      layout_cave_pools, ebering_ghost_rock_garden, uniq_eustachio

Skill      XL: |  1  2  3  4  5  6 |
---------------+-------------------+-----
Throwing       | 1 2 |  2.5
Fighting       | 3 4 |  4.5
Armour         | 1 2 |  2.3
Axes           | 3 |  3.6
Dodging        | 3 |  3.5

Action                   |  1- 3 |  4- 6 |  7- 9 || total
-------------------------+-------+-------+-------++-------
Melee: Hand axe          |   150 |   111 |    37 ||   298
       Punch             |     2 |     1 |     1 ||     4
       Giant club        |       |       |     6 ||     6
Invok: Berserk           |       |     5 |     1 ||     6
       Trog's Hand       |       |     2 |     2 ||     4
  Use: Scroll            |     6 |       |       ||     6
       Potion            |     4 |       |     2 ||     6
 Stab: Sleeping          |     1 |       |       ||     1
Armor: Animal skin       |    80 |    74 |    58 ||   212
Dodge: Dodged            |   109 |   101 |    95 ||   305
